 Dungeon Crawl Stone Soup version 0.28.0-49-g6dfe1f597d (webtiles) character file.

Game seed: 6804047715026635772

21 Keeper01 the Magician (level 2, 0/15 HPs)
             Began as a Tengu Hedge Wizard on May 11, 2022.
             Slain by an adder (2 damage)
             ... on level 2 of the Dungeon.
             The game lasted 00:04:30 (1102 turns).

Keeper01 the Magician (Tengu Hedge Wizard)          Turns: 1102, Time: 00:04:30

Health: 0/15       AC:  2    Str: 10    XL:     2   Next: 83%
Magic:  4/7        EV: 12    Int: 14    God:
Gold:   27         SH:  0    Dex: 13    Spells: 7/8 levels left

rFire   . . .      SeeInvis .   a - +1 dagger (vamp)
rCold   . . .      Faith    .   (no shield)
rNeg    . . .      Spirit   .   b - +0 robe
rPois   .          Reflect  .   c - +0 hat
rElec   .          Harm     .   (no cloak)
rCorr   .          Rampage  .   (no gloves)
Will    .....                   (boots unavailable)
Stlth   ++........              (no amulet)
HPRegen 0.05/turn               (no ring)
MPRegen 0.10/turn               (no ring)

@: lethally poisoned (0 -> -5), very slightly contaminated
A: beak, talons 3
a: no special abilities


You were on level 2 of the Dungeon.
You visited 1 branch of the dungeon, and saw 2 of its levels.

You collected 27 gold pieces.

Inventory:

Hand Weapons
 a - a +1 vampiric dagger (weapon)
Armour
 b - a +0 robe (worn)
 c - a +0 hat (worn)
Potions
 d - 2 potions of curing {unknown}


   Skills:
 + Level 2.3 Dodging
 + Level 2.0 Stealth
 + Level 3.7 Spellcasting
 + Level 1.7 Conjurations
 + Level 1.2 Summonings
 + Level 0.7 Translocations


You had 7 spell levels left.
You knew the following spells:

 Your Spells              Type           Power      Damage    Failure   Level
a - Magic Dart            Conj           28%        1d4       10%         1

Your spell library contained the following spells:

 Spells                   Type           Power      Damage    Failure   Level
 Call Imp                 Summ           6%         N/A       19%         2
 Slow                     Hex            8%         N/A       21%         1
 Blink                    Tloc           8%         N/A       22%         2
 Conjure Flame            Conj/Fire      4%         6-21      38%         3
 Mephitic Cloud           Conj/Pois/Air  4%         N/A       43%         3


Dungeon Overview and Level Annotations

Branches:
Dungeon (2/15)

Altars:


Innate Abilities, Weirdness & Mutations

You have a beak for a mouth.
You have claws for feet.


Message History

Aiming: Magic Dart (safe; 10% risk of failure)
Press: ? - help, Q - select action Shift-Dir - straight line, f/p - adder
Aim: an adder (moderately wounded, 100% to hit)
You miscast Magic Dart.
You are very lightly contaminated with residual magic.
Nothing appears to happen.
The giant cockroach bites you but does no damage.
The adder bites you but does no damage.
You hit the giant cockroach but do no damage.
The giant cockroach barely misses you. The adder bites you.
The goblin hits you with a +0 club.
You completely miss the giant cockroach.
Your kick misses the giant cockroach. Your peck misses the giant cockroach.
The giant cockroach closely misses you. The adder closely misses you.
The goblin hits you but does no damage.
Aiming: Magic Dart (safe; 10% risk of failure)
Press: ? - help, Q - select action Shift-Dir - straight line, f/p - adder
Aim: an adder (moderately wounded, 100% to hit)
The magic dart hits the adder.
The adder is heavily wounded.
The adder misses you.
The giant cockroach bites you but does no damage.
The goblin hits you with a +0 club. The adder misses you.
The giant cockroach bites you but does no damage.
The giant cockroach barely misses you. The goblin closely misses you.
You barely miss the goblin. You claw the goblin.
You peck the goblin, but do no damage.
The goblin is moderately wounded.
The adder misses you. The giant cockroach bites you.
The goblin closely misses you.
You hit the goblin. Your kick misses the goblin.
The goblin is severely wounded.
The adder bites you.
You are lethally poisoned!
The adder poisons you!
The giant cockroach bites you but does no damage.
The goblin hits you with a +0 club.
* * * LOW HITPOINT WARNING * * *
The adder bites you.
You die...

. ## .. #. ...
#.
....##.#####
...........#
......g@...#
...#..BS†..#
#...........
#...........
.........##.#
............#
#
#.###......#..
#. #.#####.#..
#. .###


You could see an adder, a giant cockroach and a goblin.

Vanquished Creatures
  A dart slug (D:1)
  4 bats (D:1)
  3 endoplasms (D:1)
  2 giant cockroaches (D:1)
  2 hobgoblins (D:1)
  A ball python (D:2)
  A frilled lizard (D:1)
  A goblin (D:1)
  A rat (D:1)
16 creatures vanquished.

Vanquished Creatures (others)
  2 plants (D:1)
2 creatures vanquished.

Grand Total: 18 creatures vanquished

Notes
Turn   | Place    | Note
-------+----------+-------------------------------------------
     0 | D:1      | Keeper01 the Tengu Hedge Wizard began the quest for the
                  | Orb.
     0 | D:1      | Reached XP level 1. HP: 10/10 MP: 5/5
   313 | D:1      | Reached XP level 2. HP: 15/15 MP: 4/7
  1102 | D:2      | Slain by an adder

Illustrated notes

Levels and vault maps discovered:
D:1:      psy_arrival_fountain, layout_loops_ring, serial_bayou_pond_c
D:2:      layout_loops_ring, shapermc_ecumenical_altar_petra

Action                   || total
-------------------------++-------
Melee: Dagger            ||    20
       Kick              ||     6
       Peck              ||     6
 Cast: Magic Dart        ||    35
  Use: Scroll            ||     3
 Stab: Distracted        ||     1
Armor: Robe              ||     6
Dodge: Dodged            ||    15
